 Dungeon Crawl Stone Soup version 0.24.0-1-gfbc8707122 (webtiles) character file.

Game seed: 4216097520915914630, levelgen mode: deterministic

323886 Monsterracer the Black Belt (level 20, -11/202 HPs)
             Began as a Vampire Transmuter on Oct 26, 2019.
             Was the Champion of Okawaru.
             Mangled by an orc knight
             ... wielding a cursed -2 long sword
              (23 damage)
             ... on level 2 of the Vaults.
             The game lasted 02:01:43 (59883 turns).

Monsterracer the Black Belt (Vampire Transmuter)   Turns: 59883, Time: 02:01:44

Health: -11/202    AC: 30    Str: 15    XL:     20   Next: 70%
Magic:  22/34      EV: 20    Int: 17    God:    Okawaru [******]
Gold:   496        SH: 18    Dex: 22    Spells: 21/39 levels left

rFire    + . .     SeeInvis +     - Unarmed
rCold    + + .     Gourm    .   b - +2 shield of Resistance {rF+ rC+ MR+}
rNeg     + . .     Faith    .   (armour currently unavailable)
rPois    ∞         Spirit   .   C - +2 hat {MR+}
rElec    +         Reflect  +   N - +2 cloak {rC+}
rCorr    .         Harm     .   (gloves currently unavailable)
MR       +++++                  (boots currently unavailable)
Stlth    +++++.....             u - +4 amulet of reflection
HPRegen  0.63/turn              M - ring of protection from magic
MPRegen  0.24/turn              Q - ring "Fiynionkit" {Wiz Dex+6}

@: about to teleport, statue-form (expiring), regenerating quickly, slowed,
studying Armour, very slow
A: no food, fangs 3, see invisible, unbreathing
}: 2/15 runes: serpentine, barnacled
a: Exsanguinate, End Transformation, Heroism, Finesse, Renounce Religion


You were on level 2 of the Vaults.
You worshipped Okawaru.
Okawaru was exalted by your worship.
You were alive.
You were a stone statue.
You visited 7 branches of the dungeon, and saw 34 of its levels.
You also visited: Ice Cave.

You collected 3060 gold pieces.
You spent 2564 gold pieces at shops.

Inventory:

Missiles
 G - 9 throwing nets (quivered) {!f}
Armour
 b - the +2 shield of Resistance (worn) {rF+ rC+ MR+}
   (You found it on level 14 of the Dungeon)

   It protects you from fire.
   It protects you from cold.
   It affects your resistance to hostile enchantments.
 i - a +2 pair of boots of running (melded)
   (Okawaru gifted it to you on level 2 of the Snake Pit)
 p - a +1 pair of gloves (melded)
   (You found it on level 15 of the Dungeon)
 C - a +2 hat of magic resistance (worn)
   (Okawaru gifted it to you on level 1 of the Shoals)
 N - a +2 cloak of cold resistance (worn)
   (You found it in an ice cave)
 Z - the +5 ring mail of Egalitarianism (melded) {rElec rN+}
   (Okawaru gifted it to you on level 13 of the Dungeon)

   It insulates you from electricity.
   It protects you from negative energy.
Jewellery
 o - an uncursed ring of positive energy
   (You found it on level 1 of the Shoals)
 u - a +4 amulet of reflection (around neck)
   (You found it on level 1 of the Lair of Beasts)
 M - a ring of protection from magic (left hand)
   (You found it on level 1 of the Lair of Beasts)
 P - an uncursed ring of poison resistance
   (You took it off a merfolk on level 3 of the Shoals)
 Q - the ring "Fiynionkit" (right hand) {Wiz Dex+6}
   (You found it on level 4 of the Lair of Beasts)

   [ring of wizardry]

   It improves your spell success rate.
   It affects your dexterity (+6).
Wands
 n - a wand of digging (11)
   (You found it on level 3 of the Dungeon)
 E - a wand of iceblast (45)
   (You found it on level 12 of the Dungeon)
 H - a wand of polymorph (34)
   (You found it on level 8 of the Dungeon)
 J - a wand of acid (24)
   (You found it on level 3 of the Snake Pit)
 R - a wand of clouds (5)
   (You found it on level 5 of the Lair of Beasts)
 U - a wand of paralysis (18)
   (You found it on level 6 of the Lair of Beasts)
Scrolls
 m - 7 scrolls of magic mapping
 r - 11 scrolls of remove curse
 s - 2 scrolls of summoning {!r}
 t - 19 scrolls of teleportation {!r}
 I - 3 scrolls of fear {!r}
 L - 3 scrolls of fog
 S - 2 scrolls of silence
 V - 2 scrolls of brand weapon {unknown}
 X - 3 scrolls of blinking
Potions
 a - 2 potions of lignification
 d - 2 potions of heal wounds
 e - 16 potions of curing
 f - a potion of berserk rage {!q}
 g - 3 potions of agility
 h - 5 potions of haste
 j - 3 potions of might
 k - 5 potions of resistance
 v - 2 potions of invisibility
 x - 5 potions of magic
 z - a potion of brilliance
 B - 4 potions of mutation {!q}
 K - 4 potions of cancellation
 O - 3 potions of ambrosia {!q}
 W - 2 potions of flight
Books
 A - a manual of Armour
   (You found it on level 2 of the Snake Pit)
Miscellaneous
 c - 2 boxes of beasts
 w - a phial of floods
   (You found it on level 14 of the Dungeon)
 D - a fan of gales
   (You found it on level 1 of the Vaults)
 F - a phantom mirror


   Skills:
 * Level 13.3 Fighting
 + Level 9.1 Armour
 - Level 10.0 Dodging
 - Level 10.0 Stealth
 + Level 8.8 Shields
 * Level 19.7 Unarmed Combat
 - Level 10.0 Spellcasting
 - Level 5.1 Hexes
 - Level 5.0 Charms
 - Level 5.0 Necromancy
 + Level 12.5 Transmutations
 + Level 9.8 Earth Magic
 - Level 10.0 Invocations
 - Level 10.0 Evocations


You had 21 spell levels left.
You knew the following spells:

 Your Spells              Type           Power        Failure   Level  Hunger
a - Confusing Touch       Hex            ####..       1%          1    N/A
c - Spider Form           Tmut/Pois      ####......   1%          3    N/A
d - Blade Hands           Tmut           ######....   1%          5    N/A
h - Statue Form           Tmut/Erth      #####....    12%         6    N/A
j - Regeneration          Chrm/Necr      ####......   2%          3    N/A

Your spell library contained the following spells:

 Spells                   Type           Power        Failure   Level  Hunger
 Animate Skeleton         Necr           N/A          1%          1    N/A
 Beastly Appendage        Tmut           ######       1%          1    N/A
 Pain                     Necr           ####         1%          1    N/A
 Sticks to Snakes         Tmut           ######..     1%          2    N/A
 Petrify                  Tmut/Erth      #####...     1%          4    N/A
 Confuse                  Hex            ####....     2%          3    N/A
 Vampiric Draining        Necr           ####......   2%          3    N/A
 Leda's Liquefaction      Hex/Erth       ####......   3%          4    N/A
 Ignite Poison            Fire/Tmut/Pois ###.....     4%          3    N/A
 Ice Form                 Ice/Tmut       ####....     6%          4    N/A
 Yara's Violent Unravell  Hex/Tmut       #####.....   6%          5    N/A
 Freeze                   Ice            #...         8%          1    N/A
 Ozocubu's Armour         Chrm/Ice       ###.....     9%          3    N/A
 Animate Dead             Necr           N/A          10%         4    N/A
 Poisonous Vapours        Pois/Air       #.....       12%         2    N/A
 Throw Frost              Conj/Ice       #.....       12%         2    N/A
 Conjure Flame            Conj/Fire      #.......     22%         3    N/A
 Gell's Gravitas          Tloc           #.........   22%         3    N/A
 Mephitic Cloud           Conj/Pois/Air  #.......     22%         3    N/A
 Bolt of Magma            Conj/Fire/Erth ###.......   45%         5    N/A
 Metabolic Englaciation   Hex/Ice        ###.......   54%         5    N/A
 Summon Ice Beast         Ice/Summ       #.......     56%         4    N/A
 Throw Icicle             Conj/Ice       #.......     56%         4    N/A
 Iron Shot                Conj/Erth      ####......   80%         6    N/A
 Fireball                 Conj/Fire      #.........   87%         5    N/A
 Simulacrum               Ice/Necr       ###.......   98%         6    N/A
 Bolt of Cold             Conj/Ice       #.........   100%        6    N/A
 Bolt of Fire             Conj/Fire      #.........   100%        6    N/A
 Freezing Cloud           Conj/Ice/Air   #.........   100%        6    N/A
 Ozocubu's Refrigeration  Ice            #.........   100%        6    N/A
 Ring of Flames           Chrm/Fire      ###.......   100%        7    N/A
 Ignition                 Fire           #.........   100%        8    N/A
 Shatter                  Erth           #####.....   100%        9    N/A

Dungeon Overview and Level Annotations

Branches:
Dungeon (15/15)            Temple (1/1) D:4            Lair (6/6) D:11
 Shoals (4/4) Lair:4        Snake (4/4) Lair:2        Slime (0/5) Lair:6
    Orc (2/2) D:11            Elf (0/3) Orc:2        Vaults (2/5) D:13
 Depths (0/5) D:15          IceCv (visited)
  Crypt: Vaults:2-3

Altars:
Ashenzari
Cheibriados
Dithmenos
Elyvilon
Fedhas
Gozag
Hepliaklqana
Kikubaaqudgha
Makhleb
Nemelex Xobeh
Okawaru
Qazlal
Ru
Sif Muna
Trog
Uskayaw
Vehumet
Wu Jian
Xom
Yredelemnul
Zin
The Shining One
Jiyva

Shops:
D:8 [   Orc:2 (!**}   Shoals:2 *   Snake:3 }   Vaults:1 =   Vaults:2 }

Portals:
Hell: Lair:6
Trove: D:14 (give horn of Geryon)

Annotations:
D:14 1 runed translucent door


Innate Abilities, Weirdness & Mutations

You do not eat.
Your natural rate of healing is unusually fast.
You have razor-sharp teeth.
You have supernaturally acute eyesight. (SInv)
You can survive without breathing.


Message History

You punch the ironbrand convoker!
You bite the ironbrand convoker, but do no damage.
The ironbrand convoker is moderately wounded.
You block the vault sentinel's attack.
The vault warden hits you with a +1 war axe!
The ironbrand convoker barely misses you.
The ghoul barely misses you. You block the ghoul's attack.
The vault sentinel simulacrum misses you.
You barely miss the ironbrand convoker.
The ironbrand convoker is moderately wounded.
The vault sentinel hits you with a +0 war axe!
The ghoul misses you. The ghoul claws you!
* * * LOW HITPOINT WARNING * * *
You block the vault warden's attack.
The ironbrand convoker points at the orc knight and mumbles some strange words.
The orc knight seems to grow stronger.
Unknown command.
You pummel the ironbrand convoker!!
Your bite misses the ironbrand convoker.
The ironbrand convoker is severely wounded.
Your transformation is almost over.
The vault sentinel hits you but does no damage.
The ghoul claws you!
* * * LOW HITPOINT WARNING * * *
You block the ghoul's attack.
The ironbrand convoker hits you but does no damage.
The vault warden activates a sealing rune.
Unknown command.
You punch the ironbrand convoker!
You kill the ironbrand convoker!
Okawaru accepts your kill. You block the ghoul's attack. x2
The vault sentinel hits you with a +0 war axe!
* * * LOW HITPOINT WARNING * * *
The freezing wraith barely misses you. You block the freezing wraith's attack.
The vault warden hits you with a +1 war axe.
* * * LOW HITPOINT WARNING * * *
You punch the vault warden!
The vault warden is almost dead.
The orc knight hits you but does no damage.
You block the ghoul's attack. x2; The freezing wraith misses you. x2
The vault sentinel hits you with a +0 war axe.
* * * LOW HITPOINT WARNING * * *
The vault warden hits you with a +1 war axe!!
* * * LOW HITPOINT WARNING * * *
Unknown command.
You hit the vault warden but do no damage.
The vault warden is almost dead.
You block the orc knight's attack. You block the ghoul's attack.
The ghoul closely misses you. The freezing wraith closely misses you.
You block the freezing wraith's attack.
The vault sentinel blows a loud note on a signal horn!
You hear a shout!
Unknown command.
Unknown command.
The vault warden blocks your attack.
The vault warden is almost dead.
The vault warden barely misses you. The ghoul claws you but does no damage.
The ghoul completely misses you. You block the freezing wraith's attack.
The freezing wraith barely misses you. You block the orc knight's attack.
The vault sentinel hits you with a +0 war axe.
* * * LOW HITPOINT WARNING * * *
Unknown command.
The vault warden blocks your attack.
The vault warden is almost dead.
The vault warden barely misses you. The ghoul closely misses you. x2
The freezing wraith closely misses you. The freezing wraith hits you.
* * * LOW HITPOINT WARNING * * *
The freezing wraith drains your vigour!
You feel yourself slow down. The orc knight closely misses you.
Unknown command.
The vault warden blocks your attack.
The vault warden is almost dead.
The vault sentinel hits you but does no damage.
You block the ghoul's attack. x2
The vault warden hits you with a +1 war axe.
* * * LOW HITPOINT WARNING * * *
The freezing wraith misses you. x2
The orc knight hits you but does no damage.
Unknown command.
Unknown command.
Really read
t - 20 scrolls of teleportation {!r}?
As you read the scroll of teleportation {!r}, it crumbles to dust.
You feel strangely unstable. The vault sentinel misses you.
You block the ghoul's attack. The ghoul completely misses you.
The freezing wraith hits you!
* * * LOW HITPOINT WARNING * * *
The freezing wraith freezes you. You resist.
* * * LOW HITPOINT WARNING * * *
You block the freezing wraith's attack.
The vault warden hits you but does no damage.
The orc knight hits you with a cursed -2 long sword!
* * * LOW HITPOINT WARNING * * *
The ghoul misses you. The ghoul claws you but does no damage.
You block the vault sentinel's attack. The freezing wraith misses you.
The freezing wraith hits you but does no damage.
The vault warden completely misses you.
The orc knight hits you with a cursed -2 long sword!!
You die...

...#
######################
......................
......................
......................
........[†............
....(..†).............
######+##############
#pn.)# #8o..# #Wp..#
#Z...# .##### .. ...
.... .. ..# .. .#


You could see a ghoul, a vault warden, an orc knight, a vault sentinel, a
freezing wraith and a vault sentinel simulacrum.

Vanquished Creatures
  Nikola (Vaults:1)
  Vashnia (Snake:4)
  Rupert (D:13)
  An Ice Fiend (IceCv)
  Polyphemus (Shoals:3)
  Gastronok (D:10)
  The ghost of Dittersdorf the Severer, an adept MiBe of Trog (Snake:2)
  The ghost of Tuffe the Warrior, an adept FoFi of Okawaru (Snake:2)
  A storm dragon (Vaults:2)
  Roxanne (Shoals:3)
  Ilsuiw (Shoals:3)
  7 nagarajas (Snake:2 Snake:3 Snake:4)
  5 vault wardens (Vaults:1 Vaults:2)
  Aizul (Snake:2)
  2 deep elf sorcerers (Vaults:1)
  The ghost of Icun the Thaumaturge, a journeyman GnWr of Okawaru (Snake:2)
  2 very ugly things (D:13 Vaults:2)
  8 ironheart preservers (Vaults:1 Vaults:2)
  2 stone giants (Vaults:2)
  2 deep elf annihilators (Vaults:2)
  The ghost of Befuwnopp the Grappler, a journeyman TrHu of Cheibriados (Lair:2)
  2 ettins (Vaults:2)
  3 fire dragons (D:14 Vaults:2)
  8 merfolk javelineers (Shoals:3 Shoals:4)
  Snorg (D:12)
  11 merfolk impalers (Shoals:2 Shoals:3 Shoals:4)
  A deep elf death mage (Vaults:2)
  4 yaktaur captains (Vaults:1 Vaults:2)
  Fannar (Lair:1)
  6 ice dragons (Lair:3 D:14 Vaults:1 Vaults:2)
  Erolcha (Orc:2)
  Harold (D:9)
  2 catoblepae (D:14 Shoals:4)
  3 hydras (D:15 Lair:1)
  A vault guard (Vaults:2)
  13 naga warriors (Snake:1 Snake:2 Snake:3 Snake:4)
  24 two-headed ogres (D:8 D:12 D:15 Vaults:1 Vaults:2)
  5 centaur warriors (Orc:2 D:13 D:14 Vaults:2)
  5 anacondas (Snake:1 Snake:2 Snake:3)
  6 merfolk aquamancers (Shoals:3 Shoals:2)
  Erica (D:9)
  An alligator snapping turtle (Shoals:3)
  A dancing weapon (Vaults:2)
  4 merfolk avatars (Shoals:1 Shoals:2 Shoals:4)
  5 ogre magi (D:15 Vaults:1 Vaults:2)
  A tengu warrior (Shoals:4)
  A deep troll shaman (Vaults:2)
  2 death knights (Vaults:2)
  A satyr (Shoals:2)
  3 death yaks (Shoals:3)
  Urug (D:10)
  15 naga sharpshooters (Snake:1 Snake:2 Snake:3 Snake:4)
  4 deep elf knights (Vaults:2)
  4 shock serpents (Snake:1 Snake:2 Snake:3)
  Nergalle (D:10)
  A sun demon (Lair:6)
  A salamander mystic (Snake:3)
  15 sea snakes (D:13 Shoals:1 Shoals:2 Shoals:3 Shoals:4)
  4 unseen horrors (D:12 D:13 D:14)
  4 deep trolls (Vaults:2)
  A glowing orange brain (Snake:2)
  A kraken simulacrum (Shoals:4)
  3 deep elf archers (Vaults:1 Vaults:2)
  7 naga ritualists (Snake:2 Snake:4)
  A phantasmal warrior (Vaults:2)
  30 harpies (Shoals:1 Shoals:2 Shoals:3 Shoals:4 Vaults:1)
  13 orc knights (Orc:2 Orc:1 D:13 Vaults:1 Vaults:2)
  A lindwurm (Lair:6)
  5 wizards (Lair:6 D:13 D:15)
  3 mana vipers (Snake:1 Snake:2 Snake:3)
  6 ironbrand convokers (Vaults:1 Vaults:2)
  A wolf spider (D:13)
  8 deep elf magi (D:15 Vaults:1 Vaults:2)
  An oklob plant (Lair:4)
  An orc sorcerer (D:15)
  14 ugly things (D:11 D:12 D:13 Vaults:1 Vaults:2)
  8 cyclopes (D:8 D:11 D:14 D:15 Shoals:1)
  10 fauns (Shoals:1 Shoals:2)
  34 black mambas (Lair:2 Lair:4 Lair:6 Snake:1 Snake:2)
  12 manticores (D:9 D:11 D:12 Shoals:1 Shoals:2)
  4 centaur zombies (D:11 D:12 D:13)
  6 vault sentinels (Vaults:1 Vaults:2)
  An elephant (Lair:4)
  10 salamanders (Snake:1 Snake:2 Snake:3)
  25 naga magi (D:15 Snake:1 Snake:2 Snake:3 Snake:4)
  An ice statue (IceCv)
  9 merfolk sirens (Shoals:2 Shoals:3 Shoals:4)
  Joseph (D:9)
  4 guardian serpents (Snake:1 Snake:2 Snake:3 Snake:4)
  3 water nymphs (Shoals:3 Shoals:4)
  3 orange demons (Lair:6 D:12)
  2 gargoyles (D:10 D:14)
  24 spiny frogs (D:11 Lair:1 Lair:2 Lair:3 Lair:4)
  An efreet (D:15)
  18 rime drakes (Lair:2 Lair:3 Lair:6)
  5 kobold demonologists (D:12 D:14 D:15)
  5 freezing wraiths (D:15 IceCv Vaults:2 Vaults:1)
  5 komodo dragons (Lair:3 Lair:4 Lair:6 D:14)
  18 yaktaurs (D:12 Vaults:1 Vaults:2)
  4 anaconda simulacra (IceCv)
  A hellwing (Lair:6)
  A tengu conjurer (Shoals:4)
  10 ice devils (Lair:6 IceCv)
  A tyrant leech (shapeshifter) (Vaults:2)
  42 merfolk (Shoals:1 Shoals:2 Shoals:3 Shoals:4)
  2 red devils (Lair:6)
  2 polar bears (Lair:2 Lair:6)
  4 trolls (D:10 D:12 D:15)
  7 wind drakes (Shoals:1 Shoals:2 Shoals:3 Shoals:4)
  Prince Ribbit (D:9)
  3 blink frogs (Lair:3)
  9 slime creatures (Vaults:1 Vaults:2)
  9 snapping turtles (Shoals:1 Shoals:2 Shoals:3 Shoals:4)
  9 hippogriffs (D:7 D:9 D:10 Lair:1 Lair:2)
  16 dream sheep (Lair:6 Shoals:1 Shoals:4)
  4 centaur simulacra (D:13 IceCv)
  13 water elementals (Shoals:1 Shoals:2 Shoals:3 Shoals:4)
  A wraith (Vaults:2)
  4 shadows (D:11 D:14 D:15)
  51 yaks (D:11 Lair:2 Lair:3 Lair:4 Lair:5)
  2 wyverns (Lair:4 D:13)
  16 humans (D:12 D:13)
  4 basilisks (Lair:3 Lair:4 D:14)
  A golden eye (shapeshifter) (Vaults:2)
  2 humans (shapeshifter) (Vaults:2)
  2 dire elephant simulacra (IceCv)
  2 hungry ghosts (D:7 D:11)
  2 death yak simulacra (IceCv)
  7 steam dragons (Lair:2 Lair:1)
  Eustachio (D:6)
  A redback simulacrum (D:15)
  2 iron troll simulacra (IceCv)
  7 harpy simulacra (IceCv)
  A soldier ant (D:12)
  4 wargs (Orc:1 Orc:2)
  43 nagas (Snake:1 Snake:2 Snake:3 Snake:4)
  An acid dragon (D:15)
  33 water moccasins (Lair:2 Lair:3 Lair:4 Lair:5 Lair:6)
  5 hydra simulacra (Lair:3 IceCv)
  7 porcupines (Lair:1 Lair:3 Lair:4 Lair:5)
  3 hell hounds (Lair:6)
  4 phantoms (D:4 D:11 D:12)
  3 black bears (D:6 D:10)
  2 eyes of draining (D:9 D:12)
  5 ice beasts (D:6 D:7 Lair:6 D:15)
  46 orc warriors (D:6 D:9 D:11 Orc:2 Orc:1)
  13 wolves (D:11 Lair:1 Lair:5)
  20 ogres (D:5 D:7 D:8 D:9 Orc:1)
  17 centaurs (D:6 Lair:4 Orc:2 D:12 Shoals:3)
  A crocodile (shapeshifter) (D:11)
  11 crocodiles (D:8 D:10 Lair:2 Lair:4 Lair:5)
  6 big kobolds (D:10 D:11 D:12 D:15)
  15 bullfrogs (D:7 D:8 D:11 Lair:1 Lair:3)
  A spiny frog simulacrum (Lair:3)
  A water moccasin zombie (D:7)
  A water moccasin skeleton (D:4)
  A blink frog simulacrum (Lair:3)
  7 scorpions (D:12 D:14)
  A troll zombie (D:11)
  An elephant simulacrum (Lair:3)
  A dream sheep simulacrum (Lair:3)
  3 killer bees (D:12)
  23 wights (D:10 D:11 D:14)
  2 rime drake simulacra (Lair:3)
  13 electric eels (D:9 D:11 Lair:5 Lair:6)
  2 howler monkeys (D:13)
  5 crimson imps (D:5 D:8 D:10 D:12 D:14)
  2 draconian simulacra (IceCv)
  6 hounds (D:7 D:11 D:12)
  2 bullfrog zombies (D:7 D:12)
  A quasit (D:8)
  3 bullfrog skeletons (D:6 D:9 D:13)
  4 centaur skeletons (D:7 D:13 D:14 D:15)
  2 jellies (D:8 D:13)
  12 orc priests (D:5 D:6 D:10 D:11 Orc:1)
  4 iguanas (D:6 D:7 D:8 D:12)
  Jessica (D:3)
  Terence (D:3)
  19 orc wizards (D:3 D:4 D:7 D:9 D:11)
  17 worker ants (D:4 D:5 D:6 D:7 D:8)
  2 spriggan simulacra (IceCv)
  3 troll simulacra (IceCv)
  A killer bee zombie (D:9)
  7 ogre zombies (D:11)
  A gnoll (D:9)
  15 adders (D:3 D:4 D:5 D:6 D:10)
  2 naga simulacra (IceCv)
  2 ogre simulacra (IceCv)
  3 shadow imps (D:6 D:8 D:9)
  9 white imps (IceCv)
  3 ufetubi (IceCv)
  3 oozes (D:1 D:3 D:4)
  2 worms (D:2 D:4)
  3 dart slugs (D:2 D:4)
  4 leopard geckos (D:1 D:6 D:7)
  69 orcs (D:3 D:4 D:5 D:6 D:7)
  A ball python (D:1)
  9 bats (D:1 D:2 D:3)
  4 giant cockroaches (D:1 D:3 D:6)
  14 goblins (D:1 D:2 D:3 D:9)
  8 hobgoblins (D:1 D:2)
  7 quokkas (D:3 D:6 D:7 D:10)
  2 frilled lizards (D:1 D:2)
  A goblin skeleton (D:11)
  7 goblin zombies (D:11)
  A hobgoblin skeleton (D:11)
  6 hobgoblin zombies (D:11)
  20 kobolds (D:1 D:2 D:3 D:10 D:11)
  2 orc skeletons (D:11)
  8 orc zombies (D:11)
  13 rats (D:1 D:2 D:3)
  A plant (Lair:4)
1367 creatures vanquished.

Vanquished Creatures (collateral kills)
  A worker ant (D:3)
  2 adders (D:3 D:4)
3 creatures vanquished.

Vanquished Creatures (others)
  A nagaraja (Snake:4)
  A satyr (Shoals:4)
  A merfolk aquamancer (Shoals:4)
  A naga sharpshooter (Snake:4)
  A sea snake (Shoals:4)
  A harpy (Shoals:4)
  A deep elf archer (Vaults:1)
  A cyclops (Shoals:1)
  2 fauns (Shoals:1 Shoals:2)
  2 yaktaurs (Vaults:1)
  A water elemental (Shoals:4)
  An ogre (Vaults:2)
  A kobold (D:15)
  A fungus (Lair:6)
  5 plants (Lair:2 Snake:4)
  4 tentacles (Shoals:4)
25 creatures vanquished.

Grand Total: 1395 creatures vanquished

Notes
Turn   | Place    | Note
-------+----------+-------------------------------------------
     0 | D:1      | Monsterracer the Vampire Transmuter began the quest for the
                  | Orb.
     0 | D:1      | Reached XP level 1. HP: 14/14 MP: 3/3
    20 | D:1      | Reached skill level 1 in Fighting
    45 | D:1      | HP: 7/15 [rat (2)]
   108 | D:1      | Reached XP level 2. HP: 21/21 MP: 5/5
   157 | D:1      | Reached skill level 4 in Unarmed Combat
   214 | D:1      | Learned a level 2 spell: Sticks to Snakes
   270 | D:1      | Reached XP level 3. HP: 24/26 MP: 6/6
   442 | D:1      | Learned a level 3 spell: Spider Form
   679 | D:2      | Found a glowing silver altar of Zin.
  1128 | D:2      | Reached XP level 4. HP: 31/33 MP: 7/7
  1256 | D:3      | HP: 14/33 [adder (5)]
  1259 | D:3      | HP: 6/33 [poisoned by an adder]
  1260 | D:3      | HP: 2/33 [poisoned by an adder]
  1264 | D:3      | Reached skill level 5 in Unarmed Combat
  1400 | D:3      | Noticed Jessica
  1404 | D:3      | Killed Jessica
  1604 | D:3      | Reached XP level 5. HP: 39/39 MP: 8/8
  1721 | D:3      | Found a stormy altar of Qazlal.
  1868 | D:3      | Noticed Terence
  1879 | D:3      | Killed Terence
  1967 | D:3      | Reached skill level 6 in Unarmed Combat
  2233 | D:3      | HP: 19/40 [worker ant (4)]
  2238 | D:3      | HP: 9/40 [poisoned by a worker ant]
  2243 | D:3      | HP: 6/40 [poisoned by a worker ant]
  2249 | D:3      | HP: 4/40 [poisoned by a worker ant]
  2256 | D:3      | HP: 3/40 [poisoned by a worker ant]
  2263 | D:3      | HP: 3/40 [poisoned by a worker ant]
  2271 | D:3      | HP: 4/40 [poisoned by a worker ant]
  2479 | D:4      | Found a staircase to the Ecumenical Temple.
  2492 | D:4      | Reached XP level 6. HP: 32/47 MP: 6/9
  2628 | D:4      | HP: 21/47 [phantom (8)]
  2835 | D:4      | Reached skill level 7 in Unarmed Combat
  3316 | D:4      | Reached XP level 7. HP: 39/53 MP: 10/10
  3484 | D:5      | Entered Level 5 of the Dungeon
  4096 | D:6      | Reached skill level 8 in Unarmed Combat
  4349 | D:6      | HP: 27/55 [worker ant (7)]
  4352 | D:6      | HP: 13/55 [orc priest/nerve-wracking pain (14)]
  4360 | D:6      | HP: 14/55 [poisoned by a worker ant]
  4602 | D:6      | Reached XP level 8. HP: 57/61 MP: 7/11
  4615 | D:6      | Learned a level 5 spell: Blade Hands
  5241 | D:6      | Reached skill level 5 in Transmutations
  5310 | D:6      | Noticed Eustachio
  5325 | D:6      | Killed Eustachio
  5325 | D:6      | Reached skill level 9 in Unarmed Combat
  5357 | D:6      | Found a white marble altar of Elyvilon.
  5438 | D:7      | Reached skill level 5 in Fighting
  5532 | D:7      | Noticed a hippogriff
  5541 | D:7      | Killed a hippogriff
  5564 | D:7      | Found a shimmering blue altar of Sif Muna.
  5754 | D:7      | Reached XP level 9. HP: 68/68 MP: 5/12
  5968 | D:7      | Reached skill level 10 in Unarmed Combat
  6116 | D:7      | Found an ornate altar of the Wu Jian Council.
  6436 | D:8      | Noticed a two-headed ogre
  6447 | D:8      | HP: 21/68 [two-headed ogre/+0 giant club (17)]
  6449 | D:8      | Killed a two-headed ogre
  6626 | D:8      | Got a faintly humming chain mail
  6648 | D:8      | Identified the cursed +1 chain mail "Ociwelien" {rC- Int+3}
                  | (You found it on level 8 of the Dungeon)
  6814 | D:8      | Found Wiuneh's Antique Armour Shoppe.
  6925 | D:8      | Noticed a cyclops
  6967 | D:8      | Killed a cyclops
  6967 | D:8      | Reached skill level 11 in Unarmed Combat
  7145 | D:8      | HP: 33/70 [crocodile (15)]
  7146 | D:8      | Reached XP level 10. HP: 37/77 MP: 7/13
  7459 | D:9      | Noticed Erica
  7467 | D:9      | Killed Erica
  7598 | D:9      | Noticed a manticore
  7681 | D:9      | HP: 21/77 [manticore (22)]
  7681 | D:9      | HP: 9/77 [manticore (12)]
  7683 | D:9      | Killed a manticore
  8068 | D:9      | HP: 35/77 [electric eel/bolt of electricity (14)]
  8207 | D:9      | Found a bloodstained altar of Trog.
  8217 | D:9      | Reached skill level 1 in Evocations
  8707 | D:9      | Noticed Joseph
  8708 | D:9      | Noticed Prince Ribbit
  8721 | D:9      | Killed Joseph
  8770 | D:9      | Killed Prince Ribbit
  8935 | D:9      | Noticed Harold
  8950 | D:9      | Killed Harold
  9048 | Temple   | Entered the Ecumenical Temple
  9266 | Temple   | Became a worshipper of Warmaster Okawaru
  9427 | D:10     | Entered Level 10 of the Dungeon
  9435 | D:10     | Noticed Gastronok
  9462 | D:10     | HP: 22/77 [Gastronok/the air (19)]
  9463 | D:10     | Killed Gastronok
  9463 | D:10     | Reached skill level 12 in Unarmed Combat
  9463 | D:10     | Reached skill level 1 in Invocations
  9463 | D:10     | Reached XP level 11. HP: 24/84 MP: 12/17
  9468 | D:10     | HP: 26/84 [hippogriff (1)]
  9469 | D:10     | Reached * piety under Okawaru
  9469 | D:10     | Reached skill level 10 in Transmutations
  9646 | D:10     | Noticed Nergalle
  9663 | D:10     | Killed Nergalle
  9925 | D:10     | Reached skill level 5 in Dodging
  9925 | D:10     | HP: 39/84 [gargoyle/stone arrow (9)]
 10081 | D:10     | Noticed Urug
 10091 | D:10     | Killed Urug
 10540 | D:10     | Learned a level 4 spell: Ice Form
 10544 | D:10     | Learned a level 3 spell: Regeneration
 10626 | D:10     | Reached ** piety under Okawaru
 11104 | D:11     | HP: 40/84 [orc wizard/magic dart (7)]
 11105 | D:11     | HP: 19/84 [electric eel/bolt of electricity (9)]
 11269 | D:11     | Found a staircase to the Lair.
 11288 | D:11     | Noticed a cyan ugly thing
 11313 | D:11     | Killed a cyan ugly thing
 11674 | D:11     | Found a staircase to the Orcish Mines.
 11735 | D:11     | Reached *** piety under Okawaru
 11864 | D:11     | Reached skill level 13 in Unarmed Combat
 11868 | D:11     | Reached skill level 5 in Spellcasting
 12184 | D:11     | Reached XP level 12. HP: 92/92 MP: 13/19
 12424 | Lair:1   | Entered Level 1 of the Lair of Beasts
 12436 | D:11     | HP: 44/92 [spiny frog (14)]
 12437 | D:11     | Reached **** piety under Okawaru
 12993 | Lair:1   | Noticed an eight-headed hydra
 13144 | Lair:1   | Noticed a six-headed hydra
 13181 | Lair:1   | Noticed Fannar
 13190 | Lair:1   | Killed Fannar
 13911 | Lair:2   | Reached skill level 5 in Evocations
 13912 | Lair:2   | HP: 38/92 [steam dragon/ball of steam (17)]
 13912 | Lair:2   | HP: 8/92 [rime drake/flash freeze (30)]
 13918 | Lair:2   | HP: 26/92 [rime drake/flash freeze (7)]
 14069 | Lair:2   | HP: 38/92 [something (9)]
 14201 | Lair:2   | HP: 34/92 [something (19)]
 14387 | Lair:2   | Reached ***** piety under Okawaru
 14824 | Lair:2   | Reached skill level 14 in Unarmed Combat
 15301 | Lair:2   | Found a staircase to the Snake Pit.
 15712 | Lair:3   | Received a gift from Okawaru
 15714 | Lair:3   | HP: 40/94 [yak (14)]
 15716 | Lair:3   | Reached XP level 13. HP: 42/99 MP: 20/20
 16047 | Lair:3   | Reached skill level 5 in Invocations
 16145 | Lair:3   | Found a runed translucent gate.
 16145 | Lair:3   | Found a runed translucent gate.
 16145 | Lair:3   | Found a runed translucent gate.
 16236 | Lair:3   | Noticed Befuwnopp's ghost (journeyman TrHu)
 16999 | Lair:4   | HP: 49/100 [poisoned by a spiny frog]
 17004 | Lair:4   | HP: 43/100 [poisoned by a spiny frog]
 17009 | Lair:4   | HP: 22/100 [poisoned by a spiny frog]
 17014 | Lair:4   | HP: 15/100 [poisoned by a spiny frog]
 17019 | Lair:4   | HP: 10/100 [poisoned by a spiny frog]
 17025 | Lair:4   | HP: 7/100 [poisoned by a spiny frog]
 17030 | Lair:4   | HP: 5/100 [poisoned by a spiny frog]
 17035 | Lair:4   | HP: 5/100 [poisoned by a spiny frog]
 17041 | Lair:4   | HP: 6/100 [poisoned by a spiny frog]
 17048 | Lair:4   | HP: 7/100 [poisoned by a spiny frog]
 17663 | Lair:4   | Found a staircase to the Shoals.
 18230 | Lair:4   | Got a slimy amber ring
 18232 | Lair:4   | Identified the ring "Fiynionkit" {Wiz Dex+6} (You found it
                  | on level 4 of the Lair of Beasts)
 18663 | Lair:3   | Received a gift from Okawaru
 18664 | Lair:3   | HP: 49/101 [ice dragon (8)]
 18667 | Lair:3   | Reached skill level 15 in Unarmed Combat
 18671 | Lair:3   | HP: 16/101 [Befuwnopp's ghost (14)]
 18678 | Lair:3   | HP: 2/101 [Befuwnopp's ghost (25)]
 18908 | Snake:1  | Entered Level 1 of the Snake Pit
 18938 | Lair:2   | Killed Befuwnopp's ghost
 19021 | Lair:3   | Got a heavily runed buckler {god gift}
 19029 | Lair:3   | Identified the +2 buckler of a sewer {rF+} (Okawaru gifted
                  | it to you on level 3 of the Lair of Beasts)
 19073 | Lair:3   | Got the ring "Iffek" {Fire}
 19084 | Lair:3   | Identified the ring "Iffek" {Fire *Slow rN+ Dex+3} (You
                  | found it on level 3 of the Lair of Beasts)
 19193 | Lair:5   | Reached skill level 1 in Shields
 20296 | Lair:6   | Entered Level 6 of the Lair of Beasts
 20629 | Lair:6   | Reached skill level 1 in Stealth
 20757 | Lair:6   | Reached XP level 14. HP: 77/108 MP: 19/21
 20938 | Lair:6   | Found a viscous altar of Jiyva.
 20938 | Lair:6   | Found a staircase to the Slime Pits.
 21243 | Lair:6   | HP: 47/108 [spiny frog (19)]
 21249 | Lair:6   | HP: 31/108 [poisoned by a spiny frog]
 21254 | Lair:6   | HP: 32/108 [poisoned by a spiny frog]
 21262 | Lair:6   | HP: 33/108 [poisoned by a spiny frog]
 21529 | Lair:6   | Noticed Sonja
 21531 | Lair:6   | Noticed Sonja
 21531 | Lair:6   | Sonja changed into Sonja the ice beast
 21537 | Lair:6   | Killed Sonja the ice beast
 21681 | Lair:6   | Found a burning altar of Makhleb.
 21713 | Lair:6   | HP: 48/108 [ice devil (14)]
 21723 | Lair:6   | HP: 28/108 [hell hound/blast of flame (8)]
 22154 | Lair:6   | Found a gateway to Hell.
 22169 | Lair:6   | Received a gift from Okawaru
 22494 | Orc:1    | Entered Level 1 of the Orcish Mines
 22738 | Orc:2    | Entered Level 2 of the Orcish Mines
 22777 | Orc:2    | Found Ynaceg's Gadget Shop.
 22790 | Orc:2    | HP: 47/108 [orc knight/+2 great sword (10)]
 22796 | Orc:2    | HP: 40/109 [orc warrior/+0 trident[an orc knight] (9)]
 22971 | Orc:2    | HP: 49/109 [orc knight/+0 great sword of freezing (24)]
 22979 | Orc:2    | HP: 15/109 [orc priest/divine providence[an orc knight]
                  | (16)]
 23178 | Orc:2    | HP: 54/109 [orc warrior/+0 dire flail[an orc knight] (20)]
 23201 | Orc:1    | HP: 45/109 [orc knight/+0 great sword of freezing (17)]
 23979 | Orc:2    | Found a staircase to the Elven Halls.
 24066 | Orc:2    | Noticed Erolcha
 24068 | Orc:2    | HP: 51/109 [orc warrior/+0 halberd (16)]
 24077 | Orc:2    | HP: 35/109 [centaur (7)]
 24351 | Orc:2    | Reached skill level 5 in Stealth
 24386 | Orc:2    | HP: 46/109 [orc warrior/+0 short sword (16)]
 24391 | Orc:2    | HP: 9/109 [orc knight/+0 great mace (26)]
 24436 | Orc:2    | HP: 23/109 [orc knight/bolt (8)]
 24795 | Orc:2    | Killed Erolcha
 25159 | Orc:2    | Found Danittuv's Assorted Antiques.
 25159 | Orc:2    | Found Vazehul's Distillery.
 25161 | Orc:2    | Found Ycuizin's Weapon Emporium.
 25163 | Orc:2    | Found Ragheuz's Assorted Antiques.
 25168 | Orc:2    | Bought a potion of haste for 130 gold pieces
 25168 | Orc:2    | Bought a potion of resistance for 130 gold pieces
 25168 | Orc:2    | Bought a potion of heal wounds for 65 gold pieces
 25168 | Orc:2    | Bought a potion of might for 52 gold pieces
 25168 | Orc:2    | Bought a potion of might for 52 gold pieces
 25175 | Orc:2    | Bought a scroll of blinking for 262 gold pieces
 25175 | Orc:2    | Bought a scroll labeled MAVIZ JALURPHAI for 35 gold pieces
 25175 | Orc:2    | Bought a scroll of identify for 70 gold pieces
 25175 | Orc:2    | Bought a scroll of identify for 70 gold pieces
 25180 | Orc:2    | Bought 2 potions of haste for 420 gold pieces
 25180 | Orc:2    | Bought a scroll of teleportation for 63 gold pieces
 25180 | Orc:2    | Bought a glowing ring mail for 147 gold pieces
 25180 | Orc:2    | Bought a jade ring for 105 gold pieces
 25627 | D:12     | Reached skill level 16 in Unarmed Combat
 25983 | D:12     | Reached skill level 10 in Fighting
 25993 | D:12     | Reached skill level 1 in Armour
 25993 | D:12     | HP: 55/110 [yaktaur/bolt (15)]
 26553 | D:12     | Received a gift from Okawaru
 26653 | D:12     | Noticed Snorg
 26663 | D:12     | Killed Snorg
 26798 | D:12     | HP: 51/110 [manticore/volley of spikes (18)]
 27046 | D:13     | Found a gate to the Vaults.
 27046 | D:13     | Noticed Nessos
 27046 | D:13     | Noticed Rupert
 27056 | D:12     | Reached skill level 10 in Dodging
 27582 | D:13     | Reached XP level 15. HP: 115/115 MP: 16/22
 27750 | D:13     | Noticed Nessos
 27750 | D:13     | Nessos changed into Nessos the sea snake
 27753 | D:13     | Killed Nessos the sea snake
 27958 | D:13     | HP: 56/116 [green ugly thing (11)]
 28282 | D:13     | Killed Rupert
 28580 | D:13     | Reached ****** piety under Okawaru
 28763 | D:13     | Received a gift from Okawaru
 28766 | D:13     | Got a smoking ring mail {god gift}
 28777 | D:13     | Identified the +5 ring mail of Egalitarianism {rElec rN+}
                  | (Okawaru gifted it to you on level 13 of the Dungeon)
 29149 | D:14     | Found a runed translucent door.
 29150 | D:14     | Found the +2 shield of Resistance {rF+ rC+ MR+}
 29159 | D:14     | Got an ichor-stained robe
 29170 | D:14     | Identified the +0 robe of Context {rElec Int+3} (You found
                  | it on level 14 of the Dungeon)
 29199 | D:14     | HP: 58/117 [ice dragon/blast of cold (24)]
 29202 | D:14     | HP: 22/117 [fire dragon/blast of flame (18)]
 29213 | D:14     | Reached skill level 17 in Unarmed Combat
 29219 | D:14     | HP: 19/117 [catoblepas/blast of calcifying dust (6)]
 29434 | D:14     | Found a runed translucent door.
 29856 | D:14     | Found a portal to a secret trove of treasure.
 30057 | D:14     | Found a snail-covered altar of Cheibriados.
 30258 | D:15     | Entered Level 15 of the Dungeon
 30968 | D:15     | Reached skill level 5 in Shields
 31004 | D:15     | Found a staircase to the Depths.
 31659 | Snake:1  | HP: 48/117 [shock serpent/bolt of electricity (20)]
 31665 | Snake:1  | HP: 34/117 [poisoned by a naga mage (splash of poison)]
 31672 | Lair:2   | HP: 36/117 [poisoned by a naga mage (splash of poison)]
 31680 | Lair:2   | HP: 38/117 [poisoned by a naga mage (splash of poison)]
 32206 | Snake:1  | HP: 58/117 [poisoned by a black mamba]
 32211 | Snake:1  | HP: 47/117 [poisoned by a black mamba]
 32216 | Snake:1  | HP: 41/117 [poisoned by a black mamba]
 32221 | Snake:1  | HP: 36/117 [poisoned by a black mamba]
 32226 | Snake:1  | HP: 35/117 [poisoned by a black mamba]
 32231 | Snake:1  | HP: 33/117 [poisoned by a black mamba]
 32236 | Snake:1  | HP: 34/117 [poisoned by a black mamba]
 32242 | Snake:1  | HP: 34/117 [poisoned by a black mamba]
 32249 | Snake:1  | HP: 36/117 [poisoned by a black mamba]
 32667 | Snake:1  | HP: 58/117 [naga warrior/+0 glaive (18)]
 32670 | Snake:1  | Reached XP level 16. HP: 58/124 MP: 16/23
 32676 | Snake:1  | HP: 59/124 [naga warrior/+0 glaive (1)]
 32682 | Snake:1  | HP: 48/124 [naga warrior/+0 glaive (6)]
 32690 | Snake:1  | Reached skill level 10 in Stealth
 33013 | Orc:2    | Bought a potion of experience for 650 gold pieces
 33013 | Orc:2    | Reached XP level 17. HP: 131/131 MP: 24/24
 33157 | Snake:2  | Found a runed translucent gate.
 33157 | Snake:2  | Noticed Aizul
 33158 | Snake:2  | Found a runed translucent gate.
 33159 | Snake:2  | Found a runed translucent gate.
 33160 | Snake:2  | Noticed Dittersdorf's ghost (adept MiBe)
 33160 | Snake:2  | Noticed Icun's ghost (journeyman GnWr)
 33162 | Snake:2  | Noticed Tuffe's ghost (adept FoFi)
 33175 | Snake:2  | Killed Aizul
 33288 | Snake:2  | HP: 63/131 [naga warrior/+0 battleaxe (6)]
 33295 | Snake:2  | HP: 65/131 [poisoned by a naga mage (splash of poison)]
 33303 | Snake:1  | HP: 60/131 [naga warrior/+0 battleaxe (8)]
 33550 | Snake:2  | Received a gift from Okawaru
 33717 | Snake:2  | HP: 56/131 [naga/+0 hand axe (14)]
 33724 | Snake:2  | HP: 38/131 [poisoned by a naga mage (poison arrow)]
 33729 | Snake:2  | HP: 37/131 [poisoned by a naga mage (poison arrow)]
 33736 | Snake:1  | HP: 39/131 [poisoned by a naga mage (poison arrow)]
 33744 | Snake:1  | HP: 41/131 [poisoned by a naga mage (poison arrow)]
 33948 | Snake:2  | Identified a +1 pair of boots of running (Okawaru gifted it
                  | to you on level 2 of the Snake Pit)
 33989 | Snake:2  | HP: 64/131 [naga/+0 battleaxe (10)]
 33994 | Snake:2  | HP: 48/131 [poisoned by a guardian serpent (bolt of
                  | poison)]
 33999 | Snake:2  | HP: 43/131 [poisoned by a guardian serpent (bolt of
                  | poison)]
 34004 | Snake:2  | HP: 40/131 [poisoned by a guardian serpent (bolt of
                  | poison)]
 34009 | Snake:1  | HP: 39/131 [poisoned by a guardian serpent (bolt of
                  | poison)]
 34015 | Snake:1  | HP: 35/131 [poisoned by a guardian serpent (bolt of
                  | poison)]
 34020 | Snake:1  | HP: 36/131 [poisoned by a guardian serpent (bolt of
                  | poison)]
 34027 | Snake:1  | HP: 37/131 [poisoned by a guardian serpent (bolt of
                  | poison)]
 34035 | Snake:1  | HP: 40/131 [poisoned by a guardian serpent (bolt of
                  | poison)]
 34542 | Snake:1  | HP: 65/131 [poisoned by a black mamba]
 34547 | Snake:1  | HP: 52/131 [guardian serpent (9)]
 34552 | Snake:1  | HP: 52/131 [poisoned by a black mamba]
 34560 | Snake:1  | HP: 54/131 [poisoned by a black mamba]
 34721 | Snake:2  | Found the +10 zealot's sword {holy, *Rage rN+ EV+3}
 35180 | Snake:2  | Killed Dittersdorf's ghost
 35191 | Snake:2  | Killed Tuffe's ghost
 35191 | Snake:2  | Reached skill level 5 in Necromancy
 35206 | Snake:2  | Killed Icun's ghost
 35372 | Snake:2  | HP: 57/131 [black mamba (11)]
 35377 | Snake:2  | Reached skill level 5 in Charms
 35377 | Snake:2  | HP: 34/131 [poisoned by a black mamba]
 35382 | Snake:2  | HP: 25/131 [poisoned by a black mamba]
 35387 | Snake:2  | HP: 20/131 [poisoned by a black mamba]
 35392 | Snake:2  | HP: 16/131 [poisoned by a black mamba]
 35397 | Snake:2  | HP: 15/131 [poisoned by a black mamba]
 35402 | Snake:2  | HP: 14/131 [poisoned by a black mamba]
 35407 | Snake:2  | HP: 15/131 [poisoned by a black mamba]
 35414 | Snake:2  | HP: 17/131 [poisoned by a black mamba]
 35422 | Snake:2  | HP: 19/131 [poisoned by a black mamba]
 35647 | Snake:3  | Reached skill level 5 in Armour
 35953 | Snake:3  | Identified the +8 short sword of Dung {elec, Str+9}
 35962 | Snake:3  | HP: 54/131 [naga warrior/the +8 short sword of Dung {elec,
                  | Str+9} (29)]
 35964 | Snake:3  | HP: 26/131 [naga warrior/the +8 short sword of Dung {elec,
                  | Str+9} (23)]
 35969 | Snake:3  | HP: 15/131 [poisoned by a naga warrior (splash of poison)]
 35977 | Snake:3  | HP: 17/131 [poisoned by a naga warrior (splash of poison)]
 35982 | Snake:3  | HP: 18/131 [poisoned by a naga warrior (splash of poison)]
 36211 | Snake:3  | Reached skill level 18 in Unarmed Combat
 36295 | Snake:3  | Found Qefap's Gadget Boutique.
 36517 | Snake:3  | HP: 59/131 [salamander mystic/+0 quarterstaff (19)]
 36522 | Snake:3  | HP: 57/131 [poisoned by a nagaraja (bolt of poison)]
 36522 | Snake:3  | HP: 27/131 [nagaraja/orb of energy (30)]
 36527 | Snake:3  | HP: 24/131 [poisoned by a nagaraja (bolt of poison)]
 36533 | Snake:3  | HP: 24/131 [poisoned by a nagaraja (bolt of poison)]
 36540 | Snake:3  | HP: 25/131 [poisoned by a nagaraja (bolt of poison)]
 36549 | Snake:3  | HP: 27/131 [poisoned by a nagaraja (bolt of poison)]
 36837 | Snake:3  | Received a gift from Okawaru
 37274 | Snake:4  | Entered Level 4 of the Snake Pit
 37319 | Snake:3  | HP: 65/131 [naga warrior/+1 battleaxe of flaming (26)]
 37327 | Snake:3  | HP: 59/131 [naga warrior/+1 battleaxe of flaming (1)]
 37499 | Snake:4  | Noticed Vashnia
 38562 | Snake:4  | HP: 65/131 [naga mage/+0 halberd (3)]
 38567 | Snake:4  | HP: 45/131 [poisoned by a naga mage (bolt of poison)]
 38573 | Snake:4  | HP: 41/131 [poisoned by a naga mage (bolt of poison)]
 38578 | Snake:4  | HP: 40/131 [poisoned by a naga mage (bolt of poison)]
 38583 | Snake:4  | HP: 40/131 [poisoned by a naga mage (bolt of poison)]
 38588 | Snake:4  | HP: 41/131 [poisoned by a naga mage (bolt of poison)]
 38596 | Snake:4  | HP: 43/131 [poisoned by a naga mage (bolt of poison)]
 38615 | Snake:4  | HP: 50/131 [naga/splash of poison (1)]
 38631 | Snake:4  | HP: 57/131 [nagaraja/+0 club (1)]
 38632 | Snake:4  | HP: 28/131 [nagaraja/+0 club (2)]
 38648 | Snake:4  | HP: 40/131 [naga sharpshooter/splash of poison (2)]
 38653 | Snake:4  | HP: 31/131 [poisoned by a naga mage (splash of poison)]
 38658 | Snake:4  | HP: 30/131 [poisoned by a naga mage (splash of poison)]
 38664 | Snake:4  | HP: 30/131 [poisoned by a naga mage (splash of poison)]
 38671 | Snake:4  | HP: 31/131 [poisoned by a naga mage (splash of poison)]
 38678 | Snake:3  | HP: 33/131 [poisoned by a naga mage (splash of poison)]
 39097 | Snake:4  | HP: 57/131 [naga warrior/+2 battleaxe of electrocution
                  | (20)]
 39103 | Snake:4  | HP: 48/131 [naga ritualist/+0 dagger of venom (4)]
 39109 | Snake:4  | HP: 47/131 [poisoned by a naga mage (splash of poison)]
 39114 | Snake:4  | HP: 47/131 [poisoned by a naga mage (splash of poison)]
 39119 | Snake:4  | HP: 47/131 [poisoned by a naga mage (splash of poison)]
 39127 | Snake:4  | HP: 49/131 [poisoned by a naga mage (splash of poison)]
 39132 | Snake:4  | HP: 50/131 [poisoned by a naga mage (splash of poison)]
 39783 | Snake:4  | Reached XP level 18. HP: 97/138 MP: 25/27
 39908 | Snake:4  | HP: 65/139 [naga sharpshooter/bolt (17)]
 39915 | Snake:4  | HP: 48/139 [naga mage/+0 club (2)]
 40376 | Snake:4  | Got a serpentine rune of Zot
 40583 | Snake:4  | HP: 68/140 [naga/+0 trident (8)]
 40590 | Snake:4  | HP: 69/140 [poisoned by a naga mage (splash of poison)]
 40595 | Snake:4  | HP: 70/140 [poisoned by a naga mage (splash of poison)]
 41139 | Snake:3  | HP: 65/140 [nagaraja/bolt of poison (8)]
 41144 | Snake:3  | HP: 55/140 [poisoned by a nagaraja (bolt of poison)]
 41149 | Snake:3  | HP: 45/140 [poisoned by a nagaraja (poison arrow)]
 41154 | Snake:3  | HP: 40/140 [poisoned by a nagaraja (poison arrow)]
 41159 | Snake:3  | HP: 37/140 [poisoned by a nagaraja (poison arrow)]
 41164 | Snake:2  | HP: 35/140 [poisoned by a nagaraja (poison arrow)]
 41170 | Snake:2  | HP: 35/140 [poisoned by a nagaraja (poison arrow)]
 41178 | Snake:2  | HP: 36/140 [poisoned by a nagaraja (poison arrow)]
 41186 | Snake:2  | HP: 39/140 [poisoned by a nagaraja (poison arrow)]
 41659 | Snake:4  | Killed Vashnia
 42029 | Shoals:1 | Entered Level 1 of the Shoals
 42035 | Shoals:1 | Received a gift from Okawaru
 42110 | Shoals:1 | Learned a level 1 spell: Confusing Touch
 42250 | Shoals:1 | HP: 59/140 [cyclops (79)]
 42260 | Shoals:1 | HP: 44/140 [dream sheep[a cyclops] (19)]
 42262 | Shoals:1 | HP: 13/140 [cyclops/large rock (32)]
 42957 | Shoals:1 | Got a translucent quarterstaff
 43363 | Shoals:1 | Reached skill level 1 in Hexes
 43527 | Shoals:2 | Found a snail-covered altar of Cheibriados.
 43823 | Shoals:2 | HP: 70/140 [merfolk/+0 spear (1)]
 43828 | Shoals:2 | HP: 35/140 [poisoned by a merfolk impaler]
 43833 | Shoals:1 | HP: 30/140 [poisoned by a merfolk impaler]
 43838 | Shoals:1 | HP: 27/140 [poisoned by a merfolk impaler]
 43844 | Shoals:1 | HP: 26/140 [poisoned by a merfolk impaler]
 43851 | Shoals:1 | HP: 27/140 [poisoned by a merfolk impaler]
 43858 | Shoals:1 | HP: 29/140 [poisoned by a merfolk impaler]
 43866 | Shoals:1 | HP: 31/140 [poisoned by a merfolk impaler]
 44111 | Shoals:2 | HP: 70/140 [poisoned by a merfolk impaler]
 44116 | Shoals:2 | HP: 66/140 [poisoned by a merfolk impaler]
 44121 | Shoals:2 | HP: 64/140 [poisoned by a merfolk impaler]
 44126 | Shoals:2 | HP: 63/140 [poisoned by a merfolk impaler]
 44131 | Shoals:2 | HP: 62/140 [poisoned by a merfolk impaler]
 44136 | Shoals:2 | HP: 63/140 [poisoned by a merfolk impaler]
 44143 | Shoals:2 | HP: 65/140 [poisoned by a merfolk impaler]
 44151 | Shoals:2 | HP: 67/140 [poisoned by a merfolk impaler]
 44328 | Shoals:2 | Found Ykyno's General Store.
 44336 | Shoals:2 | Bought a scroll of teleportation for 51 gold pieces
 44392 | Shoals:2 | HP: 67/140 [wind drake/the air (15)]
 44397 | Shoals:2 | HP: 50/140 [poisoned by a sea snake]
 44403 | Shoals:2 | HP: 50/140 [poisoned by a sea snake]
 44409 | Shoals:2 | HP: 52/140 [poisoned by a sea snake]
 44417 | Shoals:2 | HP: 54/140 [poisoned by a sea snake]
 44658 | Shoals:2 | Reached skill level 10 in Invocations
 44876 | Shoals:2 | Found a radiant altar of Vehumet.
 45047 | Shoals:2 | Reached skill level 19 in Unarmed Combat
 45068 | Shoals:2 | HP: 68/141 [manticore (3)]
 45741 | Shoals:3 | Found a frozen archway.
 45822 | IceCv    | Entered an ice cave
 46468 | IceCv    | Received a gift from Okawaru
 46821 | IceCv    | Noticed an Ice Fiend
 46861 | IceCv    | Killed an Ice Fiend
 46861 | IceCv    | Received a gift from Okawaru
 46909 | IceCv    | Got a translucent hand axe
 46964 | Shoals:3 | HP: 65/142 [merfolk javelineer/javelin (12)]
 46973 | Shoals:3 | HP: 68/142 [poisoned by a merfolk javelineer]
 46978 | Shoals:3 | HP: 66/142 [poisoned by a merfolk javelineer]
 46983 | Shoals:3 | HP: 66/142 [poisoned by a merfolk javelineer]
 46988 | Shoals:3 | HP: 67/142 [poisoned by a merfolk javelineer]
 46995 | Shoals:3 | HP: 69/142 [poisoned by a merfolk javelineer]
 47003 | Shoals:3 | HP: 71/142 [poisoned by a merfolk javelineer]
 47200 | Shoals:3 | HP: 65/142 [merfolk javelineer/javelin (12)]
 47205 | Shoals:3 | HP: 52/142 [merfolk javelineer/javelin (14)]
 47417 | Shoals:3 | Noticed Roxanne
 47437 | Shoals:3 | Killed Roxanne
 47491 | Shoals:3 | Learned a level 6 spell: Statue Form
 47649 | Shoals:3 | Reached skill level 1 in Earth Magic
 47895 | Shoals:3 | HP: 63/142 [merfolk javelineer/silver javelin (15)]
 47900 | Shoals:3 | HP: 36/142 [merfolk javelineer/silver javelin (7)]
 48145 | Shoals:3 | Reached XP level 19. HP: 144/148 MP: 30/30
 48198 | Shoals:3 | Reached skill level 5 in Hexes
 48442 | Shoals:4 | Entered Level 4 of the Shoals
 48760 | Shoals:4 | HP: 70/148 [merfolk/+0 trident (9)]
 48874 | Shoals:4 | HP: 68/148 [merfolk javelineer/silver javelin (11)]
 49335 | Shoals:4 | HP: 72/148 [merfolk impaler/+0 demon trident of freezing
                  | (3)]
 49340 | Shoals:4 | HP: 66/148 [poisoned by a merfolk impaler]
 49344 | Shoals:3 | HP: 26/148 [merfolk aquamancer/torrent of water (16)]
 49349 | Shoals:3 | HP: 44/148 [merfolk aquamancer/ball of steam (3)]
 49355 | Shoals:3 | HP: 42/148 [poisoned by a merfolk impaler]
 49360 | Shoals:3 | HP: 42/148 [poisoned by a merfolk impaler]
 49365 | Shoals:3 | HP: 43/148 [poisoned by a merfolk impaler]
 49372 | Shoals:3 | HP: 45/148 [poisoned by a merfolk impaler]
 49380 | Shoals:3 | HP: 47/148 [poisoned by a merfolk impaler]
 49725 | Shoals:3 | Reached skill level 5 in Earth Magic
 49824 | Shoals:3 | HP: 58/148 [merfolk impaler/+2 trident of venom (17)]
 49829 | Shoals:2 | HP: 31/148 [poisoned by a merfolk impaler]
 49834 | Shoals:2 | HP: 27/148 [poisoned by a merfolk impaler]
 49839 | Shoals:2 | HP: 24/148 [poisoned by a merfolk impaler]
 49844 | Shoals:2 | HP: 23/148 [poisoned by a merfolk impaler]
 49850 | Shoals:2 | HP: 23/148 [poisoned by a merfolk impaler]
 49856 | Shoals:2 | HP: 25/148 [poisoned by a merfolk impaler]
 49864 | Shoals:2 | HP: 27/148 [poisoned by a merfolk impaler]
 50472 | Shoals:4 | Noticed Polyphemus
 50499 | Shoals:3 | HP: 70/148 [Polyphemus (9)]
 50508 | Shoals:3 | HP: 42/148 [Polyphemus (17)]
 50511 | Shoals:3 | Killed Polyphemus
 50753 | Shoals:4 | HP: 71/148 [something/ball of steam (5)]
 51125 | Shoals:4 | HP: 73/148 [merfolk javelineer/+0 spear (9)]
 51362 | Shoals:3 | HP: 73/148 [merfolk aquamancer/+0 war axe (4)]
 51724 | Shoals:3 | HP: 74/148 [merfolk impaler/+2 demon trident of freezing
                  | (8)]
 51731 | Shoals:3 | HP: 57/148 [merfolk impaler/+2 demon trident of freezing
                  | (6)]
 51736 | Shoals:3 | HP: 50/148 [merfolk impaler/+2 demon trident of freezing
                  | (3)]
 51753 | Shoals:3 | HP: 38/148 [merfolk impaler/+2 demon trident of freezing
                  | (4)]
 51764 | Shoals:3 | HP: 38/148 [merfolk impaler/+2 demon trident of freezing
                  | (5)]
 51765 | Shoals:3 | HP: 15/148 [merfolk impaler/+2 demon trident of freezing
                  | (15)]
 52666 | Shoals:4 | Received a gift from Okawaru
 52697 | Shoals:4 | Noticed Ilsuiw
 53158 | Shoals:3 | HP: 72/148 [Ilsuiw/+4 trident of freezing (8)]
 53163 | Shoals:3 | Killed Ilsuiw
 53718 | Shoals:4 | Got a barnacled rune of Zot
 53993 | Orc:2    | Bought a scroll of enchant armour for 262 gold pieces
 54074 | Vaults:1 | Entered Level 1 of the Vaults
 54079 | Vaults:1 | Found Deil's Jewellery Emporium.
 54158 | Vaults:1 | Reached skill level 10 in Evocations
 54319 | Vaults:1 | HP: 68/148 [harpy (8)]
 54335 | Vaults:1 | HP: 60/148 [harpy (2)]
 54340 | Vaults:1 | HP: 44/148 [harpy (11)]
 54350 | Vaults:1 | HP: 47/148 [two-headed ogre/+0 giant club (7)]
 54357 | Vaults:1 | HP: 50/148 [two-headed ogre/+0 dire flail of draining (5)]
 54364 | Vaults:1 | HP: 44/148 [two-headed ogre/+0 giant club (1)]
 54677 | Vaults:1 | HP: 53/148 [deep elf sorcerer/bolt of acid[an ironheart
                  | preserver] (46)]
 54685 | Vaults:1 | HP: 20/148 [deep elf sorcerer/damnation[an ironheart
                  | preserver] (27)]
 55072 | Vaults:1 | Received a gift from Okawaru
 55202 | Vaults:1 | Got a smelly scale mail
 55213 | Vaults:1 | Identified the +3 scale mail "Trusted Companion" {rN+
                  | Dex+6} (You found it on level 1 of the Vaults)
 55920 | Vaults:1 | Reached skill level 10 in Spellcasting
 56059 | Vaults:1 | Noticed Nikola
 56082 | Vaults:1 | Killed Nikola
 56082 | Vaults:1 | Reached XP level 20. HP: 80/155 MP: 30/34
 56375 | Vaults:1 | Received a gift from Okawaru
 56562 | Vaults:2 | Found Pofun's Gadget Boutique.
 57064 | Vaults:2 | HP: 53/155 [ettin/+0 dire flail (60)]
 57071 | Vaults:2 | HP: 48/155 [ironheart preserver/+0 flail (7)]
 57084 | Vaults:2 | HP: 45/155 [deep elf annihilator/bolt of lightning[an
                  | ironheart preserver] (9)]
 57420 | Vaults:2 | Identified 3 scrolls of acquirement
 57428 | Vaults:2 | Got a warped helmet
 57439 | Vaults:2 | Identified the +2 helmet of the Invisible Hand {rF- rCorr
                  | Str-2 SInv} (You acquired it on level 2 of the Vaults)
 57449 | Vaults:2 | Got an encrusted large shield
 57460 | Vaults:2 | Identified the -7 large shield of Coronation {-Cast rN+
                  | Regen+ Dex+3} (You acquired it on level 2 of the Vaults)
 57578 | Vaults:2 | HP: 76/155 [ice devil[an ironheart preserver] (3)]
 58257 | Vaults:2 | HP: 67/155 [vault warden/+4 dire flail of protection (27)]
 58456 | Vaults:2 | HP: 65/155 [phantasmal warrior[a death knight] (16)]
 58465 | Vaults:2 | HP: 47/155 [phantasmal warrior[a death knight] (3)]
 58953 | Vaults:2 | HP: 71/156 [deep elf archer/+0 short sword[an ironheart
                  | preserver] (9)]
 58966 | Vaults:2 | HP: 71/156 [deep elf archer/arrow[an ironheart preserver]
                  | (5)]
 59325 | Vaults:2 | Received a gift from Okawaru
 59333 | Vaults:2 | HP: 78/156 [ghoul[a death knight] (13)]
 59354 | Vaults:2 | HP: 47/156 [two-headed ogre/+0 giant spiked club (20)]
 59362 | Vaults:2 | HP: 37/156 [two-headed ogre/+0 giant spiked club (14)]
 59875 | Vaults:2 | HP: 99/202 [ghoul[a death knight] (8)]
 59880 | Vaults:2 | HP: 47/202 [vault sentinel/+0 war axe (6)]
 59883 | Vaults:2 | HP: 23/202 [freezing wraith[a death knight] (5)]
 59883 | Vaults:2 | Mangled by an orc knight

Levels and vault maps discovered:
D:1:      tarquinn_simple_flora_water_e, layout_rooms, minmay_octomino_e4
D:2:      minmay_inner_zag, layout_basic, zin_scriptorium
D:3:      layout_loops_ring, serial_bayou_ford_a,
          nicolae_qazlal_eye_of_the_storm, uniq_jessica, uniq_terence
D:4:      layout_cave_pools, minmay_temple_entry_tees, first_ration
D:5:      layout_loops_ring, serial_bayou_pond_e
D:6:      layout_basic, nicolae_overflow_hidden_temple, uniq_eustachio
D:7:      layout_basic, lemuel_crystal_altar, lemuel_doored_altar,
          grunt_ogre_cave
D:8:      layout_basic, serial_shops, shop, kennysheep_generic_room_13
D:9:      kennysheep_big_flooded_room, layout_gridville, trog_eyes_of_draining,
          uniq_harold, uniq_joseph, uniq_prince_ribbit1, uniq_erica
D:10:     layout_basic, uniq_nergalle, uniq_gastronok, uniq_urug
D:11:     layout_basic, erik_lair_island, zombieorc2_lemuel,
          roderic_three_in_a_row
D:12:     layout_gridville, einodemon_barbed_minivault, uniq_snorg
D:13:     cheibrodos_breeding_chamber, layout_basic, david_vaults_3
D:14:     layout_basic, cheibriados_altar_1, enter_trove_1,
          minmay_guarded_unrand_resistance
D:15:     grunt_enter_depths_magical_seal, layout_gridville, patterned_corridor
Temple:   dpeg_five_rooms_temple
Lair:1:   layout_layer_cave, uniq_fannar
Lair:2:   layout_gridlike, minmay_snake_entry_six_corridors,
          bobbens_dragon_lair_wall
Lair:3:   layout_chaotic_city, gammafunk_ghost_icy, minivault_19,
          serial_bayou_shore_b
Lair:4:   layout_roguey, minmay_shoals_entry_centaurs, minivault_11,
          minmay_lair_oklob_items, beast_lair_carwin_7
Lair:5:   layout_long_grid, infiniplex_staircase_pool, uniq_rupert
Lair:6:   evil_forest, layout_cave_pods, dpeg_slime_entry_enclosed_altar,
          serial_bayou_lake_a, lemuel_fruit_tree, uniq_sonja
Shoals:1: layout_shoals, nicolae_shoals_loop_pool
Shoals:2: layout_shoals, serial_shops, shop_fountains, hangedman_feature_mirror
Shoals:3: layout_shoals, portal_ice_cave_entry_pillars_1,
          nicolae_shoals_mertower, uniq_roxanne
Shoals:4: shoals_end_grunt_ice, layout_shoals, shoals_ilsuiw_ice, kb_tengu_band,
          uniq_polyphemus
Snake:1:  layout_misc_corridors
Snake:2:  layout_onion_interference, gammafunk_ghost_cemetery,
          hangedman_venom_bottle, uniq_aizul
Snake:3:  layout_rooms, serial_shops, nicolae_shop_behind_doors,
          grunt_megastairs_4
Snake:4:  snake_pit, layout_gridlike, serial_bayou_pond_e, uniq_vashnia
Orc:1:    layout_diamond_mine
Orc:2:    st_orc_rangers, layout_diamond_mine, serial_shops, shop_statue,
          uniq_erolcha
Vaults:1: v_misc_14, vaults_dpeg_encased_lava, vaults_standard_mumra_lines,
          nicolae_vaults_little_squares_5, v_pattern_2, v_misc_5,
          layout_vaults_omnigrid, serial_shops, shop, uniq_nikola
Vaults:2: v_misc_10, v_misc_28, v_pattern_5, hangedman_vaults_maws,
          dpeg_vaults_pockets_of_resistance, v_misc_25, ontoclasm_vaults_fault,
          vaults_room_door_hall, nicolae_vaults_little_squares_5, v_misc_33,
          vaults_room_pools, vaults_room_pool, layout_vaults_ring, serial_shops,
          nicolae_shop_stone

Skill      XL: |  1  2  3  4  5  6  7  8  9 10 11 12 13 14 15 16 17 18 19 20 |
---------------+-------------------------------------------------------------+-----
Fighting       | 1 2 3 4 5 6 7 8 9 10 11 12 13 | 13.3
Unarmed Combat | 4 5 6 7 8 9 11 12 13 14 15 16 17 18 19 | 19.7
Transmutations | 4 6 8 9 10 11 12 | 12.5
Dodging        | 4 6 7 8 10 | 10.0
Spellcasting   | 4 5 6 7 10 | 10.0
Evocations     | 2 3 5 6 7 10 | 10.0
Invocations    | 1 3 4 6 7 8 9 10 | 10.0
Shields        | 4 5 7 8 |  8.8
Stealth        | 2 7 9 10 | 10.0
Armour         | 2 4 6 8 9 |  9.1
Charms         | 4 5 |  5.0
Necromancy     | 4 5 |  5.0
Hexes          | 4 5 |  5.1
Earth Magic    | 2 8 9 |  9.8

Action                   |  1- 3 |  4- 6 |  7- 9 | 10-12 | 13-15 | 16-18 | 19-21 || total
-------------------------+-------+-------+-------+-------+-------+-------+-------++-------
Melee: Unarmed           |   142 |   172 |   315 |   568 |  1281 |  1753 |  1668 ||  5899
       Bite              |    16 |    14 |    21 |    47 |   167 |   255 |   277 ||   797
       Kick              |     4 |       |       |       |       |       |       ||     4
       Headbutt          |     1 |       |       |       |       |       |       ||     1
       Punch             |     1 |     2 |     8 |    29 |    67 |    27 |     9 ||   143
       Staff             |       |       |       |       |     2 |       |       ||     2
 Cast: Beastly Appendage |     4 |       |       |       |     1 |       |       ||     5
       Spider Form       |     1 |     6 |    12 |       |     1 |     2 |       ||    22
       Sticks to Snakes  |       |     6 |     8 |       |       |       |       ||    14
       Blade Hands       |       |       |     3 |    57 |   117 |    32 |     9 ||   218
       Regeneration      |       |       |       |       |       |     1 |     6 ||     7
       Confusing Touch   |       |       |       |       |       |       |     1 ||     1
       Statue Form       |       |       |       |       |       |       |     1 ||     1
Invok: Heroism           |       |       |       |     7 |    16 |     8 |     7 ||    38
       Finesse           |       |       |       |       |     6 |     3 |     1 ||    10
 Abil: End Transformatio |       |       |       |       |       |     4 |     3 ||     7
Evoke: Wand              |       |     1 |       |    10 |     7 |    16 |     1 ||    35
       Phantom mirror    |       |       |       |       |     1 |       |       ||     1
       Phial of floods   |       |       |       |       |       |     1 |       ||     1
       Box of beasts     |       |       |       |       |       |     2 |     1 ||     3
  Use: Potion            |       |     2 |       |     1 |     1 |     2 |     2 ||     8
       Scroll            |       |     5 |     8 |     3 |    16 |     9 |    10 ||    51
 Stab: Sleeping          |     3 |     1 |     5 |     2 |    14 |    12 |     3 ||    40
       Distracted        |       |       |       |       |     4 |     5 |     2 ||    11
       Petrified         |       |       |       |       |     6 |       |       ||     6
       Petrifying        |       |       |       |       |     1 |       |       ||     1
       Paralysed         |       |       |       |       |     1 |       |       ||     1
       Confused          |       |       |       |       |       |       |     1 ||     1
Armor: Robe              |    18 |    12 |    23 |    91 |    63 |       |       ||   207
       Skin              |       |     2 |       |       |       |       |    30 ||    32
       Leather armour    |       |       |       |     7 |       |       |       ||     7
       Ring mail         |       |       |       |       |   162 |   366 |   318 ||   846
Dodge: Dodged            |    84 |   103 |   196 |   451 |   956 |   826 |   827 ||  3443
Block: Buckler           |       |       |       |       |    75 |       |       ||    75
       Shield            |       |       |       |       |   130 |  1116 |  1237 ||  2483
       Reflection        |       |       |       |       |    11 |   157 |   105 ||   273
       Other             |       |       |       |       |     9 |    51 |    10 ||    70
